 Dungeon Crawl Stone Soup version 0.31.0-11-ge490571c62 (webtiles) character file.

Game seed: 9894649179606268140

39331 LLlMATKO the Cleaver (level 13, -17/174 (187) HPs)
             Began as a Minotaur Berserker on Feb 9, 2024.
             Was an Elder of Trog.
             Killed from afar by an orc sorcerer (37 damage)
             ... with a bolt of negative energy
             ... on level 2 of the Orcish Mines.
             The game lasted 00:21:07 (16184 turns).

LLlMATKO the Cleaver (Minotaur Berserker)          Turns: 16184, Time: 00:21:09

HP:   -17/174 (187) AC:  0    Str: 28    XL:     13   Next: 68%
MP:   0/12          EV:  9    Int:  4    God:    Trog [****..]
Gold: 1148          SH:  9    Dex:  9    Spells: 12/12 levels left

rFire   . . .        K - +3 hand axe (venom)
rCold   + + .        z - +0 tower shield {rC+}
rNeg    . . .        q - +0 plate armour
rPois   +            R - +2 hat
rElec   .            u - +2 cloak {rC+}
rCorr   .            k - +2 pair of gloves {Stlth+}
SInv    .            N - +1 pair of boots
Will    .....        O - amulet of guardian spirit Stlth
                     F - ring of flight
HPRegen 0.49/turn    P - ring of poison resistance
MPRegen 0.13/turn

%: guardian spirit
@: berserking (expiring), corroded, flying, drained, very quick
A: horns 2, retaliatory headbutt
a: Renounce Religion, Berserk, Trog's Hand, Brothers in Arms


You were on level 2 of the Orcish Mines.
You worshipped Trog.
Trog was greatly pleased with you.
You visited 3 branches of the dungeon, and saw 15 of its levels.
You also visited: Sewer and Ice Cave.

You collected 1148 gold pieces.

Inventory:

Hand Weapons
 K - a +3 hand axe of venom (weapon)
 L - a +2 heavy battleaxe
Missiles
 n - 66 poisoned darts (quivered)
 o - a curare-tipped dart
 E - 4 darts of dispersal
Armour
 k - a +2 pair of gloves of stealth (worn)
 q - a +0 plate armour (worn)
 u - a +2 cloak of cold resistance (worn)
 z - a +0 tower shield of cold resistance (worn)
 N - a +1 pair of boots (worn)
 R - a +2 hat (worn)
Jewellery
 g - a ring of willpower
 p - a ring of protection from cold
 F - a ring of flight (left hand)
 O - an amulet of guardian spirit (around neck)
 P - a ring of poison resistance (right hand)
Wands
 b - a wand of iceblast (8)
 w - a wand of digging (22)
 y - a wand of light (9)
 H - a wand of charming (26)
 Q - a wand of flame (7)
Scrolls
 c - 16 scrolls of identify
 d - 2 scrolls of amnesia
 h - 5 scrolls of enchant weapon
 m - 4 scrolls of teleportation
 r - 7 scrolls of immolation
 s - a scroll of fog
 v - a scroll of blinking
 A - 2 scrolls of silence
 C - a scroll of acquirement {unknown}
 G - 2 scrolls of enchant armour
 M - 2 scrolls of noise
Potions
 a - 4 potions of invisibility {unknown}
 e - 3 potions of brilliance {unknown}
 f - 2 potions of cancellation {unknown}
 i - 6 potions of curing
 j - 2 potions of might {unknown}
 l - 4 potions of heal wounds {unknown}
 t - 2 potions of degeneration {unknown}
 x - a potion of enlightenment {unknown}
 B - a potion of berserk rage {unknown}
 D - 5 potions of lignification {unknown}
 I - a potion of attraction {unknown}
 J - 5 potions of haste {unknown}
 S - a potion of magic {unknown}
 T - a potion of mutation {unknown}


   Skills:
 + Level 14.7 Fighting
 + Level 14.7 Axes
 + Level 14.4 Armour
 + Level 13.3 Dodging


You had 12 spell levels left.
You didn't know any spells.
Your spell library was empty.

Dungeon Overview and Level Annotations

Branches:
Dungeon (11/15)            Temple (0/1) D:7            Lair (2/5) D:11
  Swamp (0/4) Lair:2          Orc (2/2) D:9             Elf (0/3) Orc:2
  Sewer (visited)           IceCv (visited)
  Snake: Lair:2-3    Spider: Lair:2-3

Altars:
Kikubaaqudgha
Makhleb
Nemelex Xobeh
Sif Muna
Uskayaw
Vehumet
Wu Jian
Xom
Yredelemnul
Zin
The Shining One

Shops:
D:8 !


Innate Abilities, Weirdness & Mutations

You have a pair of horns on your head.
You reflexively headbutt those who attack you in melee.


Message History

The soul eater looks as sick as possible!
You hit the orc but do no damage.
The orc is poisoned.
You hit the orc warrior but do no damage.
The orc warrior shoots an arrow.
You block the arrow. You block the soul eater's attack.
The rust devil hits you! The rust devil corrodes you!
You closely miss the orc sorcerer.
The orc sorcerer is severely wounded.
You closely miss the soul eater. You hit the orc but do no damage.
The orc looks even sicker.
You slash the orc warrior!
The orc warrior looks as sick as possible!
You hit the rust devil.
The orc sorcerer hits you with a +0 dagger.
You block the orc's attack.
The orc warrior hits you with a +0 glaive!!!
* * * LOW HITPOINT WARNING * * *
An orc knight comes into view. It is wielding a +0 battleaxe.
You hit the orc sorcerer.
The orc sorcerer looks as sick as possible!
The orc sorcerer is almost dead.
You hit the orc sorcerer.
The orc sorcerer is poisoned.
You hit the orc warrior but do no damage.
The orc warrior looks as sick as possible!
You hit the rust devil but do no damage.
You hit the soul eater but do no damage.
You closely miss the orc. You block the rust devil's attack.
The soul eater barely misses you.
You hit the orc sorcerer but do no damage.
The orc sorcerer looks as sick as possible!
Your headbutt misses the orc sorcerer.
The orc sorcerer is almost dead.
You closely miss the soul eater. You hit the orc but do no damage.
The orc looks as sick as possible!
You slash the orc sorcerer!
The orc sorcerer looks as sick as possible!
You hit the orc warrior but do no damage.
You hit the rust devil but do no damage.
The rust devil looks as sick as possible!
The orc sorcerer casts a spell at you. The bolt of negative energy hits you!!!
You feel drained.
You die...

# ........... ## ...
#.............. .# ...#
#..........##... .#
..... ............... ##
o....#####............##
.8o.o..
.......8.............##
.o.....
.....................###
..o..oo
_.o...3o4............#.#
.......
......o@$.)...#....)....
.8.....
......o8o$$$...#...#.#.#
#####..
..o..#####)#)(...>..####
oo .... #............#
... ##...........# ..
##.........## .
#.##.....### #. #...###
#. ...##


You could see an orc warlord, an orc knight (strong), a soul eater (summoned,
extremely poisoned), a rust devil (summoned, extremely poisoned), 2 orc
sorcerers, 2 orc warriors and an orc (strong, extremely poisoned).

Vanquished Creatures
  A reaper (IceCv)
  The ghost of Lolow the Carver, a journeyman MiMo of Zin (Lair:2)
  Erolcha (D:9)
  2 centaur warriors
  2 two-headed ogres
  A boulder beetle (D:8)
  An orc high priest (Orc:2)
  An orc sorcerer (Orc:2)
  2 orc knights (Orc:1)
  A cyclops (D:10)
  3 ugly things
  6 elephants (Lair:2)
  A torpor snail (Lair:2)
  4 kobold blastminers
  2 ice statues (IceCv)
  9 cane toads
  An unseen horror (D:11)
  A kobold demonologist (D:10)
  9 komodo dragons
  A freezing wraith (IceCv)
  An anaconda simulacrum (IceCv)
  8 ice devils
  5 trolls
  2 hornets
  8 blink frogs
  2 vampires
  2 shadows
  A spriggan (D:7)
  A wraith (D:9)
  A wyvern (D:11)
  24 yaks
  2 basilisks
  2 wargs
  6 steam dragons
  3 death yak simulacra (IceCv)
  3 vampire mosquitoes (D:11)
  An acid dragon (D:10)
  6 water moccasins
  A swamp drake (D:11)
  2 sky beasts
  2 ice beasts
  2 black bears (Lair:1)
  17 orc warriors
  3 ogres
  6 wolves (Lair:2)
  3 centaurs
  7 kobold brigands
  A brain worm (Sewer)
  12 bullfrogs
  A necrophage (D:4)
  3 scorpions
  A water moccasin zombie (D:4)
  2 two-headed ogre simulacra (IceCv)
  A cane toad simulacrum (IceCv)
  8 wights
  2 jellies
  10 killer bees
  3 howler monkeys (D:10)
  A bullfrog zombie (D:4)
  A centaur zombie (D:4)
  13 orc priests
  A centaur skeleton (D:4)
  4 hounds
  2 bombardier beetles
  2 gnoll boudas
  A human zombie (D:4)
  2 bullfrog skeletons (D:4)
  4 iguanas
  A sleepcap (D:3)
  21 orc wizards
  A scorpion zombie (D:4)
  4 hell rats (Lair:2)
  2 spriggan simulacra (IceCv)
  4 troll simulacra (IceCv)
  2 wolf simulacra (IceCv)
  A polar bear simulacrum (IceCv)
  A hound zombie (D:4)
  16 adders
  8 gnolls
  5 river rats (Sewer)
  3 naga simulacra (IceCv)
  2 white imps
  4 ufetubi
  An adder zombie (D:4)
  An adder skeleton (D:4)
  3 dart slugs
  6 ribbon worms
  49 orcs
  3 bats
  10 endoplasms
  3 giant cockroaches
  4 goblins
  9 hobgoblins
  6 jackals
  22 kobolds
  9 quokkas
  8 ball pythons
  5 frilled lizards
  7 rats
467 creatures vanquished.

Vanquished Creatures (collateral kills)
  An orc knight (Orc:2)
  An orc warrior (Orc:2)
  An orc priest (Orc:1)
  An orc wizard (Orc:2)
4 creatures vanquished.

Grand Total: 471 creatures vanquished

Notes
Turn   | Place    | Note
-------+----------+-------------------------------------------
     0 | D:1      | LLlMATKO the Minotaur Berserker began the quest for the
                  | Orb.
     0 | D:1      | Reached XP level 1. HP: 19/19 MP: 0/0
   143 | D:1      | Reached XP level 2. HP: 24/27 MP: 1/1
   783 | D:2      | Reached XP level 3. HP: 23/33 MP: 2/2
  1066 | D:2      | Reached XP level 4. HP: 40/40 MP: 3/3
  1165 | D:2      | You fall into a shaft and drop 2 floors!
  1347 | D:3      | Reached ** piety under Trog
  1441 | D:3      | Reached XP level 5. HP: 27/47 MP: 4/4
  1505 | D:3      | Found a glowing drain.
  1514 | Sewer    | Entered a sewer
  1634 | Sewer    | Reached skill level 5 in Fighting
  1634 | Sewer    | Reached skill level 5 in Axes
  1860 | Sewer    | Reached XP level 6. HP: 54/56 MP: 5/5
  2289 | Sewer    | Reached skill level 5 in Armour
  2289 | Sewer    | Reached XP level 7. HP: 45/62 MP: 2/6
  3100 | D:2      | Reached *** piety under Trog
  3306 | D:2      | Found a faded altar of an unknown god.
  3856 | D:4      | Reached skill level 5 in Dodging
  4093 | D:4      | Found a burning altar of Makhleb.
  4309 | D:4      | Found an ancient bone altar of Kikubaaqudgha.
  4329 | D:4      | Reached XP level 8. HP: 71/71 MP: 7/7
  4381 | D:4      | Reached **** piety under Trog
  4530 | D:5      | Entered Level 5 of the Dungeon
  4580 | D:5      | Found a hide-covered altar of Uskayaw.
  4613 | D:5      | Identified the +3 leather armour of the Pit {rF+ SInv}
  4755 | D:5      | Found a glowing silver altar of Zin.
  5126 | D:5      | Found a shimmering altar of Xom.
  5364 | D:6      | Reached XP level 9. HP: 44/81 MP: 8/8
  5984 | D:7      | Found a shimmering blue altar of Sif Muna.
  5984 | D:7      | Found a glowing golden altar of the Shining One.
  6524 | D:7      | Found a staircase to the Ecumenical Temple.
  6611 | D:8      | Found Ynium's Distillery.
  6747 | D:8      | Found a sparkling altar of Nemelex Xobeh.
  6893 | D:8      | Noticed a centaur warrior
  6904 | D:8      | Noticed a boulder beetle
  6918 | D:8      | Killed a centaur warrior
  6919 | D:8      | Reached XP level 10. HP: 90/91 MP: 9/9
  6926 | D:8      | Noticed a white ugly thing
  6942 | D:8      | Killed a white ugly thing
  7010 | D:8      | Killed a boulder beetle
  7011 | D:8      | Reached skill level 10 in Fighting
  7011 | D:8      | Reached skill level 10 in Axes
  7170 | D:8      | Reached ***** piety under Trog
  7508 | D:9      | Noticed a two-headed ogre
  7518 | D:9      | Killed a two-headed ogre
  7519 | D:9      | Reached skill level 10 in Armour
  7625 | D:9      | Found an ornate altar of the Wu Jian Council.
  7687 | D:9      | Found a staircase to the Orcish Mines.
  7723 | D:9      | Noticed Erolcha
  7745 | D:9      | Killed Erolcha
  7746 | D:9      | Reached XP level 11. HP: 101/101 MP: 10/10
  7754 | D:9      | Found a shimmering altar of Xom.
  7788 | D:9      | Found a shimmering altar of Xom.
  7805 | D:9      | Found a shimmering altar of Xom.
  7808 | D:9      | Found a shimmering altar of Xom.
  7960 | D:9      | Found a radiant altar of Vehumet.
  8207 | D:10     | Entered Level 10 of the Dungeon
  8763 | D:10     | Found a basalt altar of Yredelemnul.
  8817 | D:10     | Received a gift from Trog
  8818 | D:10     | Reached skill level 10 in Dodging
  9100 | D:10     | Identified the +4 ring mail of Death Resistance {^Contam
                  | Int+6 Stlth+}
  9260 | D:11     | Noticed a cyan ugly thing
  9366 | D:11     | Noticed a two-headed ogre
  9369 | D:11     | Killed a cyan ugly thing
  9374 | D:11     | Killed a two-headed ogre
  9588 | D:11     | Noticed a brown ugly thing
  9607 | D:11     | Killed a brown ugly thing
  9835 | D:11     | Noticed a centaur warrior
  9848 | D:11     | Killed a centaur warrior
 10192 | D:11     | Reached XP level 12. HP: 84/113 MP: 7/11
 10293 | D:11     | Found a staircase to the Lair.
 10495 | Lair:1   | Entered Level 1 of the Lair of Beasts
 10599 | Orc:1    | Entered Level 1 of the Orcish Mines
 11081 | Orc:2    | Entered Level 2 of the Orcish Mines
 11081 | Orc:2    | Found a radiant altar of Vehumet.
 11502 | Orc:2    | Noticed an orc high priest
 11513 | Orc:2    | Killed an orc high priest
 12630 | Lair:1   | Received a gift from Trog
 13306 | Lair:2   | Reached XP level 13. HP: 69/123 MP: 5/12
 13389 | Lair:2   | Found a frozen archway.
 13444 | IceCv    | Entered an ice cave
 14544 | IceCv    | Noticed a reaper
 14558 | IceCv    | Killed a reaper
 15180 | Lair:2   | Found a staircase to the Swamp.
 15583 | Lair:2   | Found a runed translucent door.
 15583 | Lair:2   | Noticed Lolow's ghost (journeyman MiMo)
 15769 | Lair:2   | Killed Lolow's ghost
 16097 | Orc:2    | Found a staircase to the Elven Halls.
 16176 | Orc:2    | Paralysed by an orc sorcerer for 3 turns
 16179 | Orc:2    | Noticed an orc warlord
 16184 | Orc:2    | Killed from afar by an orc sorcerer

Illustrated notes

Levels and vault maps discovered:
D:1:      minmay_arrival_semitransparent, layout_loops_ring
D:2:      layout_rooms, shapermc_ecumenical_altar_mp_vishouse, serial_forest,
          infiniplex_forest_straight_3, infiniplex_forest_clump_small,
          infiniplex_forest_lined_1, infiniplex_forest_diagonal,
          infiniplex_forest_straight_2, infiniplex_forest_lined_2,
          infiniplex_forest_lined_2, infiniplex_forest_clump_diagonal,
          minmay_tetromino_s2
D:3:      layout_basic, gup_sewer_entry_bowl
D:4:      layout_cave_pools, mainiacjoe_overflow_boulevard,
          lemuel_mausoleum_altar_kikubaaqudgha, minmay_joined_circles
D:5:      layout_gridville, nicolae_uskayaw_murder_on_the_dancefloor,
          hangedman_feature_mirror, nicolae_concentric_dashed_squares_wild
D:6:      layout_basic
D:7:      layout_basic, chequers_temple_overflow_statue_of_worship,
          minmay_temple_entry_enclosed_plants, minmay_misc_feat_tiny,
          the_hattery
D:8:      minmay_chambers_of_sixes, layout_basic, mainiacjoe_overflow_catwalk,
          serial_shops, kennysheep_mini_moat, st_stairs_4,
          chequers_serial_rivers_small_b, grunt_decor_clamped
D:9:      layout_roguey, nicolae_wu_jian_wuxing_cycle,
          nicolae_vehumet_altar_sigil, xom_shifter_show, orc_0_dummy,
          uniq_erolcha
D:10:     layout_irregular_city, mainiacjoe_overflow_alcove_2
D:11:     layout_cave_pools, erik_lair_dragon, minmay_three_doors
Lair:1:   layout_hall_layers
Lair:2:   layout_regular_city, swamp_mist, portal_ice_cave_demonic_guard,
          gammafunk_ghost_grave, grunt_megastairs_3
Orc:1:    layout_diamond_mine, nicolae_orc_takin'_care_of_business
Orc:2:    grunt_orc_cross, layout_caves, basic_altar

Skill      XL: |  1  2  3  4  5  6  7  8  9 10 11 12 13 |
---------------+----------------------------------------+-----
Fighting       | 4 5 6 8 9 10 12 13 14 | 14.7
Axes           | 4 5 6 8 9 10 12 13 14 | 14.7
Armour         | 3 4 5 7 9 10 12 13 14 | 14.4
Dodging        | 3 4 5 6 8 9 11 12 13 | 13.3

Action                     |  1- 3 |  4- 6 |  7- 9 | 10-12 | 13-15 || total
---------------------------+-------+-------+-------+-------+-------++-------
  Melee: Hand axe          |    59 |   108 |   503 |   738 |   257 ||  1665
         Headbutt          |     6 |    16 |   105 |   169 |    72 ||   368
         Punch             |       |     1 |     3 |       |       ||     4
  Throw: Dart              |       |       |       |       |     4 ||     4
 Invoke: Berserk           |       |     3 |     4 |     9 |     9 ||    25
         Trog's Hand       |       |       |       |     1 |     2 ||     3
         Brothers in Arms  |       |       |       |     1 |     2 ||     3
    Use: Scroll            |       |     5 |       |    10 |       ||    15
   Stab: Sleeping          |       |       |     1 |       |       ||     1
         Distracted        |       |       |       |       |     1 ||     1
 Armour: Animal skin       |    32 |    85 |    19 |       |       ||   136
         Plate armour      |       |       |   261 |   593 |   208 ||  1062
  Dodge: Dodged            |    38 |    63 |   251 |   315 |    80 ||   747
  Block: Buckler           |       |       |    55 |    92 |    21 ||   168
         Tower shield      |       |       |       |       |    54 ||    54
